 Dungeon Crawl Stone Soup version 0.31-a0-313-g785cd24033 (webtiles) character file.

Game seed: 3570423480532111980

1053 GeoRichter the Ruffian (level 8, -1/40 HPs)
             Began as a Vine Stalker Shapeshifter on July 17, 2023.
             Was an Initiate of Gozag.
             Succumbed to a killer bee's poison
             ... on level 6 of the Dungeon.
             The game lasted 00:05:06 (4499 turns).

GeoRichter the Ruffian (Vine Stalker Shapeshifter)  Turns: 4499, Time: 00:05:07

Health: -1/40      AC:  5    Str: 20    XL:     8   Next: 26%
Magic:  1/9        EV: 11    Int:  8    God:    Gozag
Gold:   608        SH:  0    Dex: 19    Spells: 7/7 levels left

rFire   . .          .
                       - Unarmed
rCold   + . .        (no shield)
rNeg    + . .        e - +0 ring mail
rPois   .            (helmet currently unavailable)
rElec   .            (cloak currently unavailable)
rCorr   .            (gloves currently unavailable)
SInv    .            (boots currently unavailable)
Will    +....        (no amulet)
Stlth   +            l - ring "Rierhum" {rC+ rN+ Dex+4}
HPRegen 1.06/turn    (no ring)
MPRegen 0.11/turn

%: guardian spirit
@: lethally poisoned (-1 -> -4), beast-form, gold aura
A: beast (slay +3), fangs 3, regeneration 1, magic shield, antimagic bite, no
potion heal 2
a: Begin Untransformation, Renounce Religion, Potion Petition, Call Merchant,
Bribe Branch


You were on level 6 of the Dungeon.
You worshipped Gozag.
Gozag was pleased with you.
You were a hulking beast.
You visited 1 branch of the dungeon, and saw 6 of its levels.

You collected 654 gold pieces.
You paid 46 gold pieces to Gozag.

Inventory:

Missiles
 n - a throwing net
 w - 4 curare-tipped darts
Armour
 e - a +0 ring mail (worn)
 m - the +0 pair of gloves "Rolit" {rF+}
   (You found it on level 2 of the Dungeon)

   rF:        It protects you from fire.
 o - a +0 pair of boots
 r - a +0 helmet
Jewellery
 l - the ring "Rierhum" (left hand) {rC+ rN+ Dex+4}
   (You found it on level 2 of the Dungeon)

   [ring of positive energy]

   Dex:       It affects your dexterity (+4).
   rC:        It protects you from cold.
   rN:        It protects you from negative energy.
 p - an amulet of regeneration
 y - a +6 ring of intelligence
 A - an amulet of the acrobat
Talismans
 c - a beast talisman
Wands
 x - a wand of polymorph (9)
 z - a wand of quicksilver (8)
 C - a wand of mindburst (2)
Scrolls
 a - 3 scrolls of identify {unknown}
 d - a scroll of enchant weapon {unknown}
 g - 2 scrolls of teleportation {unknown}
 h - 2 scrolls of summoning {unknown}
 i - 2 scrolls of revelation {unknown}
 j - 4 scrolls of blinking {unknown}
 q - a scroll of fog {unknown}
 s - 2 scrolls of vulnerability {unknown}
 v - a scroll of torment {unknown}
 B - a scroll of amnesia {unknown}
Potions
 b - 3 potions of lignification
 f - 3 potions of heal wounds
 k - 2 potions of degeneration {unknown}
 t - 2 potions of curing {unknown}
 u - a potion of invisibility {unknown}


   Skills:
 + Level 3.0 Fighting
 - Level 1.5 Dodging
 * Level 7.4 Unarmed Combat
 + Level 5.4 Shapeshifting


You had 7 spell levels left.
You didn't know any spells.
Your spell library contained the following spells:

 Spells                   Type           Power      Damage    Failure   Level
 Magic Dart               Conj           0%         1d3       58%         1
 Scorch                   Fire           0%         2d5       75%         2
 Searing Ray              Conj           0%         2d4       75%         2
 Dazzling Flash           Conj/Hex       0%         N/A       92%         3
 Hailstorm                Conj/Ice       0%         3d3       92%         3
 Volatile Blastmotes      Fire/Tloc      0%         2d10      92%         3
 Flame Wave               Conj/Fire      0%         2d4       100%        4
 Fulminant Prism          Conj/Hex       0%         3d5       100%        4
 Summon Ice Beast         Ice/Summ       0%         N/A       100%        4
 Starburst                Conj/Fire      0%         6d3       100%        6
 Summon Cactus Giant      Summ           0%         N/A       100%        6
 Maxwell's Capacitive Co  Air            0%         ∞         100%        8
 Simulacrum               Ice/Necr       Unusable   N/A       N/A         6

Dungeon Overview and Level Annotations

Branches:
Dungeon (6/15)
 Temple: D:4-7

Altars:
Gozag
Nemelex Xobeh
Xom

Annotations:
D:5 1 runed translucent door, Crazy Yiuf


Innate Abilities, Weirdness & Mutations

You are a hulking beast.
Your limbs bulge with bestial killing power. (Slay +3)
You have razor-sharp teeth.
Your natural rate of healing is unusually fast.
When hurt, damage is shared between your health and your magic reserves.
Your bite disrupts and absorbs the magic of your enemies.
Potions cannot restore your health.


Message History

You kill the killer bee!
You feel sick. The killer bee closely misses you.
You are too injured to fight recklessly!
Unknown command.
You punch the killer bee! Your punch misses the killer bee.
The killer bee is almost dead.
You feel sick. The killer bee stings you.
You are more poisoned.
The killer bee poisons you! The killer bee stings you.
* * * LOW HITPOINT WARNING * * *
Unknown command.
You hit the killer bee.
You kill the killer bee!
You feel sick. The killer bee misses you.
Your Fighting skill increases to level 3!
Unknown command.
You punch the killer bee!
You kill the killer bee!
You feel sick.
You barely miss the killer bee. Your bite misses the killer bee.
You feel sick. The killer bee closely misses you. The killer bee stings you.
* * * LOW HITPOINT WARNING * * *
You are lethally poisoned!
The killer bee poisons you!
Unknown command.
You completely miss the killer bee.
* * * LOW HITPOINT WARNING * * *
You feel very sick. The killer bee barely misses you.
The killer bee stings you but does no damage.
Unknown command.
It was a potion of heal wounds.
That seemed strangely inert.
* * * LOW HITPOINT WARNING * * *
You feel very sick. The killer bee stings you.
The killer bee stings you but does no damage.
Unknown command.
You miss the killer bee. Your bite misses the killer bee.
You die...
Your body crumbles into a pile of gold.

$ ####### #######
#..#.####.....####.....#
......yh.........'......
...#.####.....####.....#
####### #.....# #.....#
#...... #...... #......
#####.. #..


You could see a killer bee.

Vanquished Creatures
  An ice beast (D:6)
  An ogre (D:5)
  2 scorpions
  4 wights (D:6)
  3 killer bees (D:6)
  2 jellies
  Ijyb (D:5)
  Natasha (thrice) (D:3)
  An iguana (D:5)
  An orc wizard (D:5)
  6 gnolls
  9 adders
  A white imp (D:5)
  A worm (D:3)
  A dart slug (D:2)
  7 orcs
  2 ball pythons (D:1)
  2 endoplasms (D:4)
  2 giant cockroaches (D:3)
  6 goblins
  8 hobgoblins
  5 kobolds
  8 quokkas
  A bat (D:2)
  6 frilled lizards
  4 rats
88 creatures vanquished.

Notes
Turn   | Place    | Note
-------+----------+-------------------------------------------
     0 | D:1      | GeoRichter the Vine Stalker Shapeshifter began the quest
                  | for the Orb.
     0 | D:1      | Reached XP level 1. HP: 11/11 MP: 2/2
    81 | D:1      | Reached XP level 2. HP: 15/15 MP: 3/3
   577 | D:2      | Reached XP level 3. HP: 8/18 MP: 4/4
   682 | D:2      | Identified the ring "Rierhum" {rC+ rN+ Dex+4}
   700 | D:2      | Identified the +0 pair of gloves "Rolit" {rF+}
   740 | D:2      | Reached skill level 3 in Unarmed Combat
   974 | D:2      | Gained mutation: Your natural rate of healing is unusually
                  | fast. [Vine Stalker growth]
   974 | D:2      | Reached XP level 4. HP: 15/23 MP: 2/5
  1188 | D:2      | Found an opulent altar of Gozag.
  1196 | D:2      | Became a worshipper of Gozag Ym Sagoz the Greedy
  1552 | D:3      | Reached skill level 4 in Unarmed Combat
  1552 | D:3      | Reached XP level 5. HP: 26/26 MP: 6/6
  1743 | D:3      | Found a faded altar of an unknown god.
  1866 | D:3      | Found a shimmering altar of Xom.
  2003 | D:3      | Noticed Natasha
  2007 | D:3      | Killed Natasha
  2401 | D:3      | Noticed Natasha
  2408 | D:3      | Killed Natasha
  2518 | D:3      | Found a shimmering altar of Xom.
  2545 | D:3      | Noticed Natasha
  2552 | D:3      | Killed Natasha
  2553 | D:3      | Reached XP level 6. HP: 25/30 MP: 4/7
  3055 | D:4      | Reached skill level 5 in Unarmed Combat
  3123 | D:4      | Found a sparkling altar of Nemelex Xobeh.
  3317 | D:5      | Entered Level 5 of the Dungeon
  3432 | D:5      | Found a runed translucent door.
  3433 | D:5      | Noticed Crazy Yiuf
  3502 | D:5      | Noticed Ijyb
  3540 | D:5      | Killed Ijyb
  3541 | D:5      | Reached XP level 7. HP: 16/34 MP: 3/8
  3692 | D:5      | Reached skill level 6 in Unarmed Combat
  3832 | D:5      | Identified the +1 leather armour of Agnosticism {-Cast Harm
                  | rF+ Dex+4}
  4328 | D:6      | Reached skill level 5 in Shapeshifting
  4417 | D:6      | Reached skill level 7 in Unarmed Combat
  4417 | D:6      | Gained mutation: You have razor-sharp teeth. [Vine Stalker
                  | growth]
  4417 | D:6      | Reached XP level 8. HP: 33/39 MP: 9/9
  4497 | D:6      | HP: 2/40 [poisoned by a killer bee]
  4499 | D:6      | Succumbed to a killer bee's poison

Illustrated notes

Levels and vault maps discovered:
D:1:      minmay_arrival_diagonal_passages, layout_rooms, minmay_misc_feat_doors
D:2:      wad_woods_tower, layout_basic, basic_altar, grunt_decor_cap,
          nicolae_concentric_dashed_squares_wild
D:3:      layout_basic, marbit_many_paths, ebering_ecumenical_altar_mist,
          uniq_natasha
D:4:      layout_rooms, mainiacjoe_overflow_catwalk,
          chequers_serial_rivers_micro_a
D:5:      layout_basic, st_stairs_6, uniq_crazy_yiuf_cottage, uniq_ijyb
D:6:      minmay_angry_zag, layout_basic, chequers_temple_overflow_minitemple,
          grunt_decor_fettered

Skill      XL: |  1  2  3  4  5  6  7  8 |
---------------+-------------------------+-----
Unarmed Combat | 3 4 5 7 |  7.4
Shapeshifting  | 4 5 |  5.4
Fighting       | 2 3 |  3.0
Dodging        | |  1.5

Action                     |  1- 3 |  4- 6 |  7- 9 || total
---------------------------+-------+-------+-------++-------
  Melee: Unarmed           |    64 |   121 |    55 ||   240
         Bite              |    11 |    30 |    18 ||    59
         Punch             |     1 |     7 |       ||     8
  Throw: Throwing net      |       |     1 |       ||     1
    Use: Potion            |       |       |     1 ||     1
   Stab: Sleeping          |     1 |       |       ||     1
 Armour: Ring mail         |     8 |    24 |    11 ||    43
  Dodge: Dodged            |    29 |    43 |    22 ||    94

Table legend: (Time is in decaauts)
 A = Elapsed time spent in this place.
 B = Non-inter-level travel time spent in this place.
 C = Inter-level travel time spent in this place.
 D = Time resting spent in this place.
 E = Time spent auto-exploring this place.
 F = Levels seen in this place.
 G = Mean time per level.
                   A        B        C        D        E       F      G
               +--------+--------+--------+--------+--------+-----+--------+
         Total |   4479 |   4331 |    148 |     45 |   3662 |   6 |  746.5 |
       Dungeon |   4479 |   4331 |    148 |     45 |   3662 |   6 |  746.5 |
               +--------+--------+--------+--------+--------+-----+--------+

Top non-repeatable levels by time:
     D:3: 1462 daAuts
     D:5: 986 daAuts
     D:2: 861 daAuts
     D:1: 506 daAuts
     D:4: 475 daAuts
     D:6: 187 daAuts
